 Dungeon Crawl Stone Soup version 0.30-a0-965-g42e074c17a (webtiles) character file.

Game seed: 17898185285251630989

406 dracfodder the Shield-Bearer (level 7, 0/54 HPs)
             Began as a Formicid Fighter on Mar 31, 2023.
             Shot with a sling bullet by a goblin (3 damage)
             ... on level 4 of the Dungeon.
             The game lasted 00:11:58 (2518 turns).

dracfodder the Shield-Bearer (Formicid Fighter)     Turns: 2518, Time: 00:12:01

Health: 0/54       AC: 10    Str: 22    XL:     7   Next: 12%
Magic:  7/7        EV:  7    Int:  8    God:
Gold:   219        SH:  5    Dex: 13    Spells: 6/6 levels left

rFire   . . .      SeeInvis +    a - +0 war axe
rCold   . . .      Faith    .    c - +0 buckler
rNeg    . . .      Spirit   .    p - +0 chain mail
rPois   .          Reflect  .    (helmet unavailable)
rElec   .          Rampage  .    (no cloak)
rCorr   .                        i - +0 pair of gloves
Will    .....                    (no boots) Stlth
                                 (no amulet)
HPRegen 0.29/turn                g - ring of flight
MPRegen 0.10/turn                (no ring)

@: mighty, flying
A: permanent stasis, dig shafts and tunnels, antennae 3, four strong arms
a: Dig, Shaft Self


You were on level 4 of the Dungeon.
You visited 1 branch of the dungeon, and saw 4 of its levels.

You collected 219 gold pieces.

Inventory:

Hand Weapons
 a - a +0 war axe (weapon)
Missiles
 h - 2 poisoned darts (quivered)
 m - a throwing net
Armour
 c - a +0 buckler (worn)
 i - a +0 pair of gloves (worn)
 p - a +0 chain mail (worn)
Jewellery
 f - a ring of magical power
 g - a ring of flight (left hand)
Wands
 b - a wand of polymorph (11)
 q - a wand of light (7)
Scrolls
 o - a scroll of magic mapping
Potions
 e - 3 potions of lignification
 j - a potion of resistance
 k - a potion of haste {unknown}
 l - a potion of heal wounds {unknown}
 n - a potion of curing {unknown}


   Skills:
 + Level 4.2 Fighting
 + Level 5.1 Axes
 + Level 1.0 Throwing
 + Level 4.3 Armour
 + Level 0.4 Dodging
 + Level 0.7 Stealth
 + Level 5.2 Shields


You had 6 spell levels left.
You didn't know any spells.
Your spell library contained the following spells:

 Spells                   Type           Power      Damage    Failure   Level
 Magic Dart               Conj           0%         1d3       99%         1
 Ensorcelled Hibernation  Hex/Ice        0%         N/A       100%        2
 Lesser Beckoning         Tloc           0%         N/A       100%        2
 Searing Ray              Conj           0%         2d4       100%        2
 Gell's Gravitas          Tloc           0%         N/A       100%        3
 Spider Form              Tmut/Pois      0%         N/A       100%        3
 Teleport Other           Tloc           0%         N/A       100%        3
 Anguish                  Hex/Necr       0%         N/A       100%        4
 Fulminant Prism          Conj/Hex       0%         3d5       100%        4
 Conjure Ball Lightning   Conj/Air       0%         3x3d6     100%        6
 Discord                  Hex            0%         N/A       100%        8
 Disjunction              Tloc           0%         N/A       100%        8


Dungeon Overview and Level Annotations

Branches:
Dungeon (4/15)
 Temple: D:4-7

Altars:
Elyvilon
Makhleb


Innate Abilities, Weirdness & Mutations

You cannot be hasted, slowed, berserked, paralysed or teleported.
You can dig through walls and to a lower floor.
You have a pair of large antennae on your head. (SInv)
Your four strong arms can wield two-handed weapons with a shield.


Message History

You block Dowan's attack.
An orc comes into view. It is wielding a +0 trident.
Duvessa says, "Where magic fails, the sword succeeds!"
Duvessa hits you with a +0 short sword!
You barely miss Duvessa. You hit Dowan. You block Dowan's attack.
Duvessa closely misses you.
You feel very mighty all of a sudden. You block Dowan's attack.
Duvessa barely misses you.
You slice Duvessa!!
Duvessa is heavily wounded.
You miss Dowan.
Dowan says, "My weaknesses are her strengths!"
Dowan hits you with a +0 dagger.
Duvessa says, "Where magic fails, the sword succeeds!"
Duvessa hits you with a +0 short sword!
You closely miss Dowan.
Dowan is severely wounded.
You closely miss Duvessa. Dowan hits you but does no damage.
Duvessa hits you but does no damage.
You slice Dowan!!
You kill Dowan!
Duvessa screams in rage.
Duvessa goes berserk!
You slash Duvessa! Duvessa closely misses you.
Duvessa hits you with a +0 short sword!
The orc hits you from afar with a +0 trident.
Your Shields skill increases to level 5!
You have reached level 7!
You closely miss Duvessa.
Duvessa is severely wounded.
Duvessa completely misses you. Duvessa hits you with a +0 short sword!
* * * LOW HITPOINT WARNING * * *
The orc hits you from afar with a +0 trident.
* * * LOW HITPOINT WARNING * * *
You slice Duvessa!!
You kill Duvessa!
The orc hits you from afar with a +0 trident.
* * * LOW HITPOINT WARNING * * *
The goblin unwields a +0 club.
The goblin wields a +0 sling.
The goblin shoots a sling bullet.
The sling bullet hits you.
You die...

.... { # ..##### .# .
#.#.#.#+#.# .. #...#.....# ...
#.........# .... #...#.....# #
..... #...#.....# ..
###########...g#)#.....#.# .#
..........#...l)@#.......###..#
.......≈≈.#...o#####..........#
.)._...≈≈.#... #####......#
.......≈≈.#.. #.##...#
≈.....≈§..#. #.##..>#
≈≈≈.≈≈≈...# #.##.#...
.≈≈8≈≈....# #.##.#.##
...≈......# #.##.#.#
...§......# #.##.#.#


You could see an iguana, an orc and a goblin.

Vanquished Creatures
  Duvessa (D:4)
  Dowan (D:4)
  An orc priest (D:3)
  3 iron imps (D:4)
  Terence (D:3)
  Natasha (thrice) (D:3)
  3 gnolls (D:3)
  4 adders
  3 worms (D:2)
  2 dart slugs
  7 orcs
  6 endoplasms
  2 giant cockroaches
  7 goblins
  5 hobgoblins
  3 jackals (D:2)
  2 kobolds
  2 quokkas
  7 ball pythons
  2 bats
  7 frilled lizards
  2 rats
74 creatures vanquished.

Notes
Turn   | Place    | Note
-------+----------+-------------------------------------------
     0 | D:1      | dracfodder the Formicid Fighter began the quest for the
                  | Orb.
     0 | D:1      | Reached XP level 1. HP: 18/18 MP: 1/1
   128 | D:1      | Reached XP level 2. HP: 24/24 MP: 2/2
   445 | D:1      | Reached XP level 3. HP: 29/29 MP: 3/3
   843 | D:2      | HP: 1/29 [worm (7)]
  1208 | D:2      | Reached XP level 4. HP: 36/36 MP: 4/4
  1461 | D:3      | Reached skill level 1 in Throwing
  1461 | D:3      | Reached XP level 5. HP: 40/42 MP: 5/5
  1570 | D:3      | Found a white marble altar of Elyvilon.
  1674 | D:3      | Noticed Natasha
  1678 | D:3      | Killed Natasha
  1881 | D:3      | Noticed Terence
  1886 | D:3      | Killed Terence
  1887 | D:3      | Reached XP level 6. HP: 46/48 MP: 6/6
  2196 | D:3      | Noticed Natasha
  2209 | D:3      | Killed Natasha
  2258 | D:3      | Noticed Natasha
  2267 | D:3      | Killed Natasha
  2359 | D:4      | Found a burning altar of Makhleb.
  2384 | D:4      | Reached skill level 5 in Axes
  2507 | D:4      | Noticed Duvessa
  2507 | D:4      | Noticed Dowan
  2516 | D:4      | Killed Dowan
  2517 | D:4      | Reached skill level 5 in Shields
  2517 | D:4      | Reached XP level 7. HP: 17/54 MP: 7/7
  2518 | D:4      | Killed Duvessa
  2518 | D:4      | Shot with a sling bullet by a goblin

Illustrated notes

Levels and vault maps discovered:
D:1:      minmay_arrival_stair_chambers, layout_basic
D:2:      layout_basic
D:3:      layout_loops_ring, elyvilon_altar_5, minmay_cut_off, uniq_natasha,
          uniq_terence
D:4:      layout_basic, nicolae_kikubaaqudgha_miasma_corner,
          nicolae_tso_besieged_by_evil, lemuel_doored_altar, demons_altar,
          uniq_blork_the_orc, uniq_duvessa

Skill      XL: |  1  2  3  4  5  6 |
---------------+-------------------+-----
Axes           | 3 4 5 |  5.1
Throwing       | 1 |  1.0
Armour         | 4 |  4.3
Fighting       | 4 |  4.2
Shields        | 5 |  5.2
Dodging        | |  0.4
Stealth        | |  0.7

Action                     |  1- 3 |  4- 6 |  7- 9 || total
---------------------------+-------+-------+-------++-------
  Melee: War axe           |    67 |   139 |     2 ||   208
  Throw: Dart              |    24 |     3 |       ||    27
         Stone             |     3 |     1 |       ||     4
    Use: Scroll            |     9 |     2 |       ||    11
         Potion            |       |     1 |       ||     1
 Armour: Scale mail        |    23 |    37 |       ||    60
         Chain mail        |       |    27 |       ||    27
  Dodge: Dodged            |    21 |    55 |     1 ||    77
  Block: Buckler           |    15 |    27 |       ||    42

Table legend: (Time is in decaauts)
 A = Elapsed time spent in this place.
 B = Non-inter-level travel time spent in this place.
 C = Inter-level travel time spent in this place.
 D = Time resting spent in this place.
 E = Time spent auto-exploring this place.
 F = Levels seen in this place.
 G = Mean time per level.
                   A        B        C        D        E       F      G
               +--------+--------+--------+--------+--------+-----+--------+
         Total |   2591 |   2525 |     66 |    293 |   1495 |   4 |  647.8 |
       Dungeon |   2591 |   2525 |     66 |    293 |   1495 |   4 |  647.8 |
               +--------+--------+--------+--------+--------+-----+--------+

Top non-repeatable levels by time:
     D:2: 887 daAuts
     D:3: 880 daAuts
     D:1: 607 daAuts
     D:4: 216 daAuts
